 Dungeon Crawl Stone Soup version 0.23.2 (webtiles) character file.

Game seed: 581228388933437220

142 Borgoz the Sneak (level 5, -3/44 HPs)
             Began as a Ghoul Assassin on Apr 4, 2019.
             Slain by a worm (7 damage)
             ... on level 3 of the Dungeon.
             The game lasted 00:05:12 (2460 turns).

Borgoz the Sneak (Ghoul Assassin)                   Turns: 2460, Time: 00:05:13

Health: -3/44      AC:  4    Str: 12 (15) XL:     5   Next: 25%
Magic:  4/4        EV: 12    Int:  3 (6)  God:
Gold:   144        SH:  0    Dex: 10 (11) Spells: 4/4 levels left

rFire    . . .     SeeInvis .   a - +2 dagger
rCold    + . .     Gourm    .   (no shield)
rNeg     + + +     Faith    .   c - +0 robe
rPois    ∞         Spirit   .   (no helmet)
rElec    .         Reflect  .   d - +0 cloak
rCorr    .         Harm     .   m - +0 pair of gloves
MR       .....                  (no boots)
Stlth    ++........             (no amulet)
HPRegen  0.00/turn              (no ring)
MPRegen  0.09/turn              (no ring)

@: rotting, drained
A: rotting body, claws 1, carnivore, cold resistance 1, negative energy
resistance 3, inhibited regeneration, torment resistance, unbreathing
a: no special abilities


You were on level 3 of the Dungeon.
You were not hungry.

You visited 1 branch of the dungeon, and saw 3 of its levels.

You collected 144 gold pieces.

Inventory:

Hand Weapons
 a - a +2 dagger (weapon)
 b - a +0 blowgun
Missiles
 e - 8 poisoned needles
 f - 2 curare-tipped needles
 n - 7 needles of sleeping
Armour
 c - a +0 robe (worn)
 d - a +0 cloak (worn)
 m - a +0 pair of gloves (worn)
Jewellery
 s - a cursed -3 ring of dexterity {unknown}
Scrolls
 h - 3 scrolls of amnesia {unknown}
 i - a scroll of immolation {unknown}
 j - 6 scrolls of identify {unknown}
 k - a scroll of fear {unknown}
 l - a scroll of fog {unknown}
 q - a scroll of enchant armour {unknown}
 r - 2 scrolls of blinking {unknown}
 t - a scroll of remove curse {unknown}
 v - a scroll of noise {unknown}
Potions
 p - a potion of heal wounds
Comestibles
 g - 2 rations


   Skills:
 + Level 2.8(2.2) Fighting
 * Level 2.8(2.1) Short Blades
 - Level 1.7(1.1) Throwing
 * Level 1.9(1.3) Armour
 * Level 2.3(1.6) Dodging
 + Level 4.7(4.0) Stealth


You had 4 spell levels left.
You didn't know any spells.
Your spell library was empty.

Dungeon Overview and Level Annotations

Branches:
Dungeon (3/15)

Altars:
Sif Muna


Innate Abilities, Weirdness & Mutations

Your body is rotting away.
You thrive on raw meat.
You are immune to poison.
You have sharp fingernails.
You are carnivorous and can eat meat at any time.
Your flesh is cold resistant. (rC+)
You are immune to negative energy. (rN+++)
You do not regenerate when monsters are visible.
You are immune to unholy pain and torment.
You can survive without breathing.


Message History

You hit the worm.
The worm is moderately wounded.
The worm closely misses you.
You hit the worm.
The worm is heavily wounded.
You hit the worm but do no damage.
The worm is heavily wounded.
The worm bites you!
* * * LOW HITPOINT WARNING * * *
You hit the worm.
The worm is heavily wounded.
You hit the worm.
The worm is severely wounded.
The worm closely misses you.
You barely miss the worm.
The worm is severely wounded.
You barely miss the worm.
The worm is severely wounded.
The worm bites you!
You die...

#.. .. .###.÷)###. #.# #
..#.#.#.#.#.#. ..#
....##.#.#.##. #.#
#.###..#.#.#..# . #.#
#.#(..#.#.#.#.. .. #.#
##.###..#.#.#..# #.##.#
#.....##.#.#.##.
#....####...#.#)#.#.#(#.
###..†w@......###...###
#$...####..###...#.#...#
#.#### #..###.#(#.#.#.#
... #...##...###...# ###
#.......(.......
##..........####
############


You could see a worm.

Vanquished Creatures
  Jessica (D:3)
  3 adders
  An ooze (D:2)
  4 worms
  A dart slug (D:1)
  5 orcs
  2 ball pythons
  11 bats
  6 giant cockroaches
  3 goblins
  6 hobgoblins
  7 jackals
  A quokka (D:3)
  4 frilled lizards
  6 kobolds
  2 rats
63 creatures vanquished.

Notes
Turn   | Place    | Note
-------+----------+-------------------------------------------
     0 | D:1      | Borgoz the Ghoul Assassin began the quest for the Orb.
     0 | D:1      | Reached XP level 1. HP: 17/17 MP: 0/0
    46 | D:1      | Reached skill level 1 in Dodging
   247 | D:1      | Reached XP level 2. HP: 17/24 MP: 1/1
   614 | D:1      | Reached XP level 3. HP: 30/30 MP: 2/2
   622 | D:1      | Reached skill level 1 in Armour
  1416 | D:2      | Reached XP level 4. HP: 36/37 MP: 3/3
  2235 | D:3      | Noticed Jessica
  2246 | D:3      | Found a deep blue altar of Sif Muna.
  2250 | D:3      | Killed Jessica
  2250 | D:3      | Reached XP level 5. HP: 36/44 MP: 4/4
  2460 | D:3      | Slain by a worm

Skill      XL: |  1  2  3  4 |
---------------+-------------+-----
Dodging        | 1 2 |  2.3
Short Blades   | 2 |  2.8
Armour         | 1 |  1.9
Fighting       | |  2.8
Throwing       | |  1.7
Stealth        | |  4.7

Action                   |  1- 3 |  4- 6 || total
-------------------------+-------+-------++-------
Melee: Dagger            |   177 |   167 ||   344
 Fire: Blowgun           |       |     9 ||     9
  Use: Potion            |       |     4 ||     4
 Stab: Sleeping          |     1 |     3 ||     4
  Eat: Chunk             |    19 |    14 ||    33
Armor: Robe              |    59 |    32 ||    91
Dodge: Dodged            |   105 |    80 ||   185
